 Dungeon Crawl Stone Soup version 0.19.0-11-g3fc08b3 (webtiles) character file.

112 thirtiethelement the Sneak (level 4, -4/45 HPs)
             Began as an Octopode Wanderer on Nov 10, 2016.
             Was a Follower of Zin (penitent).
             Killed by divine providence
             ... invoked by an orc priest
              (11 damage)
             ... on level 3 of the Dungeon.
             The game lasted 00:13:54 (1866 turns).

thirtiethelement the Sneak (Octopode Wanderer)      Turns: 1866, Time: 00:13:58

Health: -4/45      AC: 22    Str: 11    XL:     4   Next: 93%
Magic:  4/4        EV:  2    Int: 16    God:    Zin [*]
Gold:   147        SH:  0    Dex: 10    Spells: 0 memorised, 3 levels left

rFire  . . .     SeeInvis .     l - +0 trident
rCold  . . .     Gourm    .     (no shield)
rNeg   + + +     Faith    .     (helmet currently unavailable)
rPois  +         Spirit   .     (no amulet)
rElec  .         Reflect  .     (no ring)
rCorr  .         Harm     .     (no ring)
MR     .....     NoTele   +     (no ring)
Stlth  +++.......               (no ring)
                                (no ring)
                                (no ring)
                                (no ring)
                                (no ring)

@: short of breath, tree-form
A: almost no armour, stealthy swim, (amphibious), 8 rings, (constrict 8),
(camouflage 0), (gelatinous body 0)
a: Donate Gold, Renounce Religion


You were on level 3 of the Dungeon.
You worshipped Zin.
Zin was demanding penance.
You were not hungry.
You were a tree.
You visited 1 branch of the dungeon, and saw 3 of its levels.

You collected 163 gold pieces.
You donated 16 gold pieces to Zin.

Inventory:

Hand Weapons
 a - a +2 spear
 d - a +0 dagger
 e - a +1 short sword of venom
 l - a +0 trident (weapon)
Wands
 j - a wand of iceblast (5/15)
Scrolls
 c - 4 scrolls of teleportation
 i - a scroll of remove curse
 n - a scroll of fear
Potions
 h - a potion of cure mutation {unknown}
 m - a potion of curing {unknown}
Comestibles
 f - a bread ration
 g - 3 meat rations
 k - a beef jerky


   Skills:
 + Level 2.4 Fighting
   Level 1.0 Long Blades
 + Level 2.8 Polearms
 + Level 2.4 Dodging
 + Level 5.4 Stealth
   Level 1.0 Shields
 * Level 1.0 Invocations


You had 3 spell levels left.
You didn't know any spells.

Dungeon Overview and Level Annotations

Branches:
Dungeon (3/15)

Altars:
Qazlal
Zin


Innate Abilities, Weirdness & Mutations

You cannot wear most types of armour.
You are very stealthy in the water. (Stealth+)
((You are amphibious.))
You can wear up to eight rings at the same time.
((You can use your tentacles to constrict eight enemies at once.))
((Your skin changes colour to match your surroundings (Stealth+).))
((Your rubbery body absorbs attacks. (AC +1, EV +1)))


Message History

The orc seems less confused.
The orc priest hits you from afar with a trident!
The orc wizard casts a spell at you. The puff of frost hits you!
The orc is lost in a daze.
The orc priest closely misses you.
You closely miss the orc wizard. You grab the orc wizard.
You squeeze the orc wizard.
You kill the orc wizard!
Your Invocations skill increases to level 1!
The orc closely misses you. The orc priest barely misses you.
You closely miss the orc. Your grab misses the orc.
The orc is lost in a daze.
The orc priest hits you from afar with a trident!
* * * LOW HITPOINT WARNING * * *
You turn into a tree.
Your roots penetrate the ground.
You feel extremely guilty.
You can no longer call upon Zin for vitalisation. "You will pay for your transgression, mortal!"
The orc priest mumbles some strange prayers to Beogh against you.
Beogh smites you!
You die...

####...### # #..## ##
#.## .# #.# .###.# ##
.....###### ..#
#.###.....# ...#
#.###.....########....#
....+.....'.....♣.o.o.+
#..##.....#.....o#o...#
##.##.....#......# $..#
# ..#######......# ..#
. .># #......# .# ###.#
#......# .# #<..#
#......# #
###.#######..=(..#
...........


You could see an orc priest, an orc wizard and 2 orcs.

Vanquished Creatures
  An orc wizard (D:3)
  2 adders
  An ooze (D:3)
  A worm (D:2)
  3 dart slugs (D:1)
  3 orcs (D:3)
  5 goblins
  6 hobgoblins
  3 jackals (D:3)
  7 kobolds
  2 quokkas
  7 bats
  2 frilled lizards
  5 rats (D:1)
48 creatures vanquished.

Notes
Turn   | Place    | Note
-------+----------+-------------------------------------------
     0 | D:1      | thirtiethelement the Octopode Wanderer began the quest for the Orb.
     0 | D:1      | thirtiethelement set off with: a +2 spear, a potion of lignification, a scroll of teleportation, a +0 dagger, a bread ration
     0 | D:1      | Reached XP level 1. HP: 14/14 MP: 1/1
   379 | D:1      | Reached XP level 2. HP: 19/19 MP: 2/2
   893 | D:2      | Reached skill level 5 in Stealth
   893 | D:2      | Reached XP level 3. HP: 22/24 MP: 3/3
  1245 | D:2      | Found a faded altar of an unknown god.
  1263 | D:2      | Became a worshipper of Zin the Law-Giver
  1263 | D:2      | Reached * piety under Zin
  1263 | D:2      | Reached ** piety under Zin
  1273 | D:2      | Zin protects you from harm!
  1608 | D:3      | Reached XP level 4. HP: 29/29 MP: 4/4
  1705 | D:3      | Found a stormy altar of Qazlal.
  1707 | D:3      | Noticed a fire elemental
  1709 | D:3      | Noticed an air elemental
  1709 | D:3      | Noticed an earth elemental
  1709 | D:3      | Noticed a water elemental
  1864 | D:3      | Reached skill level 1 in Invocations
  1866 | D:3      | Was placed under penance by Zin
  1866 | D:3      | Killed from afar by an orc priest

Skill      XL: |  1  2  3  4 |
---------------+-------------+-----
Polearms       | 2 |  2.8
Stealth        | 5 |  5.4
Invocations    | 1 |  1.0
Fighting       | |  2.4
Long Blades    | |  1.0
Dodging        | |  2.4
Shields        | |  1.0

Action                   |  1- 3 |  4- 6 || total
-------------------------+-------+-------++-------
Melee: Spear             |    75 |    21 ||    96
       Constrict         |    16 |     9 ||    25
       Tentacles         |     8 |     6 ||    14
       Trident           |       |     8 ||     8
Invok: Recite            |     1 |     3 ||     4
  Use: Scroll            |     5 |     1 ||     6
       Potion            |       |     1 ||     1
 Stab: Sleeping          |     7 |       ||     7
  Eat: Bread ration      |     1 |       ||     1
Armor: Skin              |     6 |       ||     6
Dodge: Dodged            |    37 |    18 ||    55
